 Dungeon Crawl Stone Soup version 0.18.1-8-gdd0e5ea (webtiles) character file.

96788 Jerry the Bludgeoner (level 15, -2/171 HPs)
             Began as a Demonspawn Fighter on May 23, 2016.
             Was the Champion of Okawaru (penitent).
             Slain by a titan (35 damage)
             ... created by the fury of Okawaru
             ... on level 1 of the Spider Nest on May 24, 2016.
             The game lasted 02:24:43 (22414 turns).

Jerry the Bludgeoner (Demonspawn Fighter)          Turns: 22414, Time: 02:24:43

Health: -2/171     AC: 26    Str: 27    XL:     15   Next: 70%
Magic:  20/20      EV:  5    Int: 10    God:    Okawaru [*]
Gold:   217        SH:  0    Dex: 15    Spells: 0 memorised, 14 levels left

rFire  + . .     SeeInvis +     I - +12 great mace of Hard Scrabble {venom, *Rage +Blink MR+}
rCold  + + .     Gourm    .     s - +2 chain mail {rF+}
rNeg   + . .     Faith    .     (shield currently unavailable)
rPois  +         Spirit   .     (helmet unavailable)
rElec  .         Dismiss  .     a - +2 cloak {+Inv}
rCorr  .         Reflect  .     q - +3 pair of gauntlets of War {Slay+5}
SustAt .         Harm     .     e - +0 pair of boots
MR     +++..     Rnd*Rage +     r - amulet of magic regeneration
Stlth  ..........               Q - ring "Nied" {rPois rC++ SInv}
                                S - ring of protection from magic

@: berserking (expiring), held, very quick, extremely resistant to hostile
enchantments, extremely unstealthy
A: horns 3, thin skeletal structure 1, demonic guardian 1, negative energy
resistance 1, powered by death 3, 50% torment resistance, evolution 1
a: Renounce Religion, Evoke Blink, Evoke Invisibility


You were on level 1 of the Spider Nest.
You worshipped Okawaru.
Okawaru was demanding penance.
You were not hungry.

You visited 4 branches of the dungeon, and saw 24 of its levels.
You also visited: Bailey and Ice Cave.

You collected 2000 gold pieces.
You spent 1783 gold pieces at shops.

Inventory:

Hand Weapons
 I - the +12 great mace of Hard Scrabble (weapon) {venom, *Rage +Blink MR+}
   (Okawaru gifted it to you on level 11 of the Dungeon)

   It poisons the flesh of those it strikes.
   It affects your resistance to hostile enchantments.
   It lets you blink.
   It may make you go berserk in combat.
Missiles
 J - 31 tomahawks of returning
Armour
 a - a +2 cloak of invisibility (worn)
 e - a +0 pair of boots (worn)
 q - the +3 pair of gauntlets of War (worn) {Slay+5}
   (You bought it in a shop on level 12 of the Dungeon)

   It affects your accuracy and damage with ranged weapons and melee attacks
   (+5).
 s - a +2 chain mail of fire resistance (worn)
Jewellery
 i - a +4 ring of protection
 r - an amulet of magic regeneration (around neck)
 Q - the ring "Nied" (right hand) {rPois rC++ SInv}
   (You bought it in a shop on level 2 of the Orcish Mines)

   [ring of poison resistance]

   It greatly protects you from cold.
   It protects you from poison.
   It lets you see invisible.
 S - a ring of protection from magic (left hand)
Wands
 Z - a wand of disintegration (16/24)
Scrolls
 c - a scroll of enchant armour
 h - 8 scrolls of remove curse
 j - 6 scrolls of magic mapping
 k - 6 scrolls of teleportation
 l - 2 scrolls of fear
 o - 7 scrolls of identify
 w - 2 scrolls of blinking
 y - 3 scrolls of enchant weapon
 F - a scroll of fog
 G - a scroll of recharging
 M - a scroll of silence
 V - a scroll of summoning
Potions
 b - 4 potions of heal wounds
 g - 4 potions of cancellation
 v - 4 potions of agility
 x - 2 potions of might
 D - 3 potions of cure mutation
 E - 5 potions of brilliance
 H - 3 potions of flight
 K - a potion of invisibility
 L - 5 potions of curing
 P - 2 potions of haste
Comestibles
 f - 14 bread rations
 p - 8 meat rations
 u - 41 fruits
 z - 2 slices of pizza
 A - 8 beef jerkies
 B - 11 royal jellies


   Skills:
 + Level 9.4 Fighting
 + Level 16.2 Maces & Flails
 + Level 16.1 Armour
 - Level 1.0 Dodging
   Level 5.9 Shields
 - Level 7.7 Invocations
 - Level 3.0 Evocations


You had 14 spell levels left.
You didn't know any spells.

Dungeon Overview and Level Annotations

Branches:
Dungeon (13/15)            Temple (0/1) D:5            Lair (8/8) D:9
  Swamp (0/4) Lair:6       Spider (1/4) Lair:6        Slime (0/6) Lair:6
    Orc (2/2) D:11            Elf (0/3) Orc:2        Vaults (0/5) D:13

Altars:
Ashenzari
Cheibriados
Dithmenos
Elyvilon
Kikubaaqudgha
Makhleb
Nemelex Xobeh
Okawaru
Pakellas
Ru
Yredelemnul
Zin
The Shining One

Shops:
D:8 ?   D:10 *   D:12 [   Orc:2 =![*:

Portals:
Hell: Lair:8
Pandemonium: Orc:2


Innate Abilities, Weirdness & Mutations

You have a pair of large horns on your head.
You have a somewhat thin skeletal structure (Dex +2, Stealth).
A weak demonic guardian rushes to your aid.
You resist negative energy.
You regenerate a lot of health from kills.
You are somewhat able to resist unholy torments (1 in 2 success).
You evolve.


Message History

The tarantella bites you but does no damage.
The tarantella closely misses you.
You barely miss the tarantella.
The tarantella is heavily wounded.
The jumping spider looks more healthy.
The stone giant hits you!!
Your crimson imp hits the wolf spider but does no damage.
The tarantella bites you but does no damage.
The titan waves its arms in wide circles.
The air twists around and strikes you! The fire giant completely misses you.
You sock the wolf spider!
The wolf spider is poisoned.
You headbutt the wolf spider!
The wolf spider is moderately wounded.
You feel less confused. The tarantella bites you.
The jumping spider pounces on you.
You are caught in a web!
The jumping spider bites you but does no damage.
The stone giant hits you!!
* * * LOW HITPOINT WARNING * * *
Your crimson imp hits the wolf spider.
The titan hits you!!
You die...

#. #.#...# s #.(###.#...##
.. ##......#....#...
........#......# ###
#.......# ####
#.####.......## . ##..#
##...##s5ยง.....# .##...#
#.....sss#.......
.##...####....eC@##.5.....
..#.....##.....CC####.####
#.......##........# .#
#......#.#........# .
.^.....##.........# .
.......####.......... ..
#..>..## ##.....##..
.....## ##....# .. #.....#
.#..##


You could see a titan, a fire giant, a stone giant, a deep elf master archer, a
wolf spider, a jumping spider, 2 tarantellas and a friendly crimson imp.

Vanquished Creatures
  Kirke (Lair:6)
  Maud (Lair:5)
  A dire elephant (Lair:8)
  An ettin (Orc:2)
  2 vault guards (D:13)
  Erolcha (D:8)
  Fannar (Orc:1)
  An ice dragon (Lair:7)
  Harold (D:11)
  7 hydras
  A catoblepas (Lair:8)
  A centaur warrior (D:11)
  4 death yaks (Lair:4)
  8 orc high priests (Orc:2)
  A sun demon (Lair:8)
  A fire crab (Lair:7)
  3 wizards
  A swamp dragon (Lair:6)
  An unseen horror (D:10)
  4 hill giants
  5 orc knights
  Pikel (D:4)
  2 necromancers
  6 orc sorcerers (Orc:2)
  A deep elf mage (D:13)
  A griffon (Lair:8)
  A manticore (D:13)
  An oklob plant (Lair:6)
  3 ugly things
  A sixfirhy (Lair:8)
  2 wolf spiders (Spider:1)
  3 elephants (Lair:5)
  10 black mambas
  3 ice statues (IceCv)
  2 torpor snails
  Psyche (D:8)
  A gargoyle (D:11)
  7 orange demons
  15 spiny frogs
  4 komodo dragons
  5 rime drakes
  A demonic crawler (Spider:1)
  3 hellwings
  The ghost of flachkopf the Covert, a novice KoAs (D:4)
  9 ice devils
  A red devil (Lair:8)
  3 trolls
  3 jumping spiders (Lair:6)
  4 polar bears
  A two-headed ogre (D:8)
  2 boulder beetles
  10 blink frogs
  6 redbacks
  5 tarantellas (Spider:1)
  A wraith (D:13)
  54 yaks
  19 humans
  A wyvern (Lair:6)
  A shadow (D:13)
  A neqoxec (Orc:2)
  A hungry ghost (D:8)
  A golden eye (shapeshifter) (D:13)
  6 basilisks
  15 hippogriffs
  Grum (D:9)
  A chaos spawn (Orc:2)
  3 wargs
  26 water moccasins
  13 porcupines
  2 black bears
  Purgy (D:4)
  4 ice beasts
  2 sky beasts
  33 orc warriors
  A necrophage (D:9)
  A phantom (D:5)
  A wasp (D:10)
  An eye of draining (D:9)
  6 ogres
  30 wolves
  2 centaurs
  18 crocodiles
  4 big kobolds
  17 giant frogs
  2 wyvern zombies
  6 scorpions
  7 wights
  5 electric eels
  2 crimson imps
  2 draconian simulacra (IceCv)
  16 jellies
  2 quasits
  2 centaur zombies
  3 giant frog zombies
  7 hounds
  A wasp zombie (D:13)
  3 giant frog skeletons
  A gnoll shaman (D:8)
  23 orc priests
  14 orc wizards
  3 centaur skeletons
  7 iguanas
  Natasha (thrice) (D:2)
  7 hell rats
  A spriggan simulacrum (IceCv)
  7 worker ants
  4 troll simulacra (IceCv)
  39 sheep
  A hound skeleton (D:4)
  A howler monkey zombie (D:6)
  8 adders
  15 gnolls
  2 naga simulacra (IceCv)
  An ogre simulacrum (IceCv)
  65 river rats
  2 shadow imps
  8 oozes
  2 adder skeletons
  A worm (D:2)
  3 dart slugs
  5 giant geckos
  69 orcs
  9 bats
  7 giant cockroaches
  11 goblins
  9 hobgoblins
  18 jackals
  6 quokkas
  A giant gecko zombie (D:9)
  5 giant newts
  37 kobolds
  7 rats
  A bush (Lair:6)
  2 fungi
896 creatures vanquished.

Vanquished Creatures (collateral kills)
  Nergalle (D:10)
  A wizard (D:13)
  A komodo dragon (Lair:2)
  A blink frog (Lair:4)
  2 wolves
  2 ogres
  A scorpion (D:4)
  A giant frog skeleton (D:7)
  An orc wizard (D:10)
  A gnoll (D:2)
  7 orcs
  A hobgoblin (D:3)
  2 quokkas (D:9)
  3 kobolds
25 creatures vanquished.

Vanquished Creatures (others)
  A jelly (Lair:6)
  3 bushes (Lair:2)
  15 fungi
  3 plants
22 creatures vanquished.

Grand Total: 943 creatures vanquished

Notes
Turn   | Place    | Note
--------------------------------------------------------------
     0 | D:1      | Jerry the Demonspawn Fighter began the quest for the Orb.
     0 | D:1      | Reached XP level 1. HP: 18/18 MP: 1/1
   128 | D:1      | Gained mutation: A weak demonic guardian rushes to your aid. [demonic ancestry]
   128 | D:1      | Reached XP level 2. HP: 22/24 MP: 2/2
   736 | D:1      | Gained mutation: You regenerate a little health from kills. [demonic ancestry]
   736 | D:1      | Reached XP level 3. HP: 29/29 MP: 3/3
  1003 | D:2      | Reached skill level 1 in Dodging
  1137 | D:2      | Gained mutation: You have a somewhat thin skeletal structure (Dex +2, Stealth). [demonic ancestry]
  1137 | D:2      | Reached XP level 4. HP: 26/35 MP: 4/4
  1233 | D:2      | Found an iron altar of Okawaru.
  1496 | D:2      | Noticed Natasha
  1507 | D:2      | Killed Natasha
  1618 | D:2      | Noticed Natasha
  1627 | D:2      | Killed Natasha
  1918 | D:2      | Noticed Natasha
  1926 | D:2      | Killed Natasha
  1926 | D:2      | Reached XP level 5. HP: 35/41 MP: 5/5
  2012 | D:2      | Became a worshipper of Warmaster Okawaru
  2320 | D:3      | Found an oddly glowing altar of Pakellas.
  2429 | D:3      | Reached XP level 6. HP: 47/47 MP: 6/6
  2621 | D:4      | Noticed a slave
  2623 | D:4      | Noticed a slave
  2624 | D:4      | Noticed a slave
  2628 | D:4      | Noticed Pikel
  2634 | D:4      | Noticed a slave
  2639 | D:4      | Killed Pikel
  2639 | D:4      | Reached * piety under Okawaru
  2639 | D:4      | Reached skill level 5 in Armour
  2639 | D:4      | Reached skill level 5 in Shields
  2639 | D:4      | Gained mutation: You have a pair of small horns on your head. [demonic ancestry]
  2639 | D:4      | Reached XP level 7. HP: 34/52 MP: 7/7
  2720 | D:4      | Found a sacrificial altar of Ru.
  2834 | D:4      | Reached ** piety under Okawaru
  2931 | D:4      | Noticed flachkopf's ghost (novice KoAs)
  2933 | D:4      | Noticed Purgy
  2939 | D:4      | Killed flachkopf's ghost
  2939 | D:4      | Reached skill level 5 in Maces & Flails
  2939 | D:4      | Gained mutation: You have a pair of horns on your head. [demonic ancestry]
  2939 | D:4      | Reached XP level 8. HP: 58/58 MP: 8/8
  2945 | D:4      | Killed Purgy
  3213 | D:5      | Entered Level 5 of the Dungeon
  3324 | D:5      | Found a shadowy altar of Dithmenos.
  3347 | D:5      | Found a staircase to the Ecumenical Temple.
  3471 | D:5      | Found a glowing silver altar of Zin.
  3510 | D:5      | Found a snail-covered altar of Cheibriados.
  4026 | D:6      | Found an ancient bone altar of Kikubaaqudgha.
  4109 | D:6      | Found a sparkling altar of Nemelex Xobeh.
  4286 | D:6      | Reached *** piety under Okawaru
  4406 | D:7      | Gained mutation: You have a pair of large horns on your head. [demonic ancestry]
  4406 | D:7      | Reached XP level 9. HP: 64/64 MP: 9/9
  4412 | D:7      | Found a flagged portal.
  4439 | Bailey   | Entered a bailey
  4543 | Bailey   | Noticed an orc knight
  4565 | Bailey   | Killed an orc knight
  4569 | Bailey   | Found a burning altar of Makhleb.
  4756 | D:7      | Reached **** piety under Okawaru
  4773 | D:7      | Found a white marble altar of Elyvilon.
  5287 | D:8      | Noticed Erolcha
  5300 | D:8      | Killed Erolcha
  5300 | D:8      | Gained mutation: You regenerate health from kills. [demonic ancestry]
  5300 | D:8      | Reached XP level 10. HP: 56/70 MP: 10/10
  5313 | D:8      | Reached ***** piety under Okawaru
  5812 | D:8      | Found Caowovi's Magic Scroll Emporium.
  5820 | D:8      | Noticed Psyche
  5829 | D:8      | Killed Psyche
  6501 | D:9      | Reached skill level 10 in Armour
  6505 | D:9      | Found a staircase to the Lair.
  6619 | D:9      | Found a basalt altar of Yredelemnul.
  6619 | D:9      | Found a burning altar of Makhleb.
  6683 | D:9      | Reached skill level 10 in Maces & Flails
  6717 | D:9      | Found a shattered altar of Ashenzari.
  6828 | D:9      | You fall through a shaft for 3 floors!
  6945 | D:11     | Noticed a hill giant
  6952 | D:11     | Killed a hill giant
  6952 | D:11     | Received a gift from Okawaru
  6952 | D:11     | Gained mutation: You resist negative energy. [demonic ancestry]
  6952 | D:11     | Reached XP level 11. HP: 49/75 MP: 9/11
  6957 | D:11     | Got an ancient great mace {god gift}
  6963 | D:11     | Identified the +12 great mace of Hard Scrabble {venom, *Rage +Blink MR+} (Okawaru gifted it to you on level 11 of the Dungeon)
  6967 | D:11     | Noticed Harold
  6980 | D:11     | Killed Harold
  6980 | D:11     | Reached ****** piety under Okawaru
  6980 | D:11     | Reached skill level 1 in Invocations
  7123 | D:11     | Noticed a cyan ugly thing
  7126 | D:10     | Entered Level 10 of the Dungeon
  7184 | D:9      | Noticed Grum
  7196 | D:9      | Killed Grum
  7488 | D:10     | Noticed Nergalle
  7495 | D:10     | Killed Nergalle
  7971 | D:10     | Noticed a hill giant
  7977 | D:10     | Killed a hill giant
  8032 | D:10     | Found Fufusch's General Store.
  8433 | D:11     | Found a staircase to the Orcish Mines.
  8566 | D:11     | Killed a cyan ugly thing
  8566 | D:11     | Reached skill level 5 in Invocations
  8678 | D:10     | Killed an unseen horror
  8678 | D:10     | Received a gift from Okawaru
  8679 | D:10     | Got a steaming quarterstaff {god gift}
  8682 | D:11     | Identified the +1 quarterstaff "Ziasyxun" {freeze, -Tele rPois Str+4} (Okawaru gifted it to you on level 10 of the Dungeon)
  8708 | D:11     | Noticed a hill giant
  8718 | D:11     | Killed a hill giant
  8801 | D:11     | Noticed a cyan ugly thing
  8815 | D:11     | Killed a cyan ugly thing
  8958 | D:11     | Noticed a centaur warrior
  8965 | D:11     | Killed a centaur warrior
  9670 | D:12     | Noticed a hill giant
  9678 | D:12     | Killed a hill giant
  9772 | D:12     | Found Ziuva's Armour Emporium.
 10031 | D:12     | Gained mutation: You regenerate a lot of health from kills. [demonic ancestry]
 10031 | D:12     | Reached XP level 12. HP: 81/81 MP: 17/17
 10141 | Lair:1   | Entered Level 1 of the Lair of Beasts
 10445 | Lair:1   | Received a gift from Okawaru
 10735 | Lair:1   | Noticed a seven-headed hydra
 10742 | Lair:1   | Killed a seven-headed hydra
 12815 | D:13     | Reached skill level 5 in Fighting
 12857 | D:13     | Noticed a seven-headed hydra
 12861 | D:13     | Killed a seven-headed hydra
 13355 | D:13     | Received a gift from Okawaru
 13415 | D:13     | Reached XP level 13. HP: 92/92 MP: 18/18
 13475 | D:13     | Noticed a vault guard
 13483 | D:13     | Killed a vault guard
 13503 | D:13     | Noticed a vault guard
 13515 | D:13     | Killed a vault guard
 13590 | D:13     | Found a gate to the Vaults.
 13827 | Lair:3   | Received a gift from Okawaru
 13828 | Lair:3   | Got a fine arbalest {god gift}
 14838 | Lair:4   | Received a gift from Okawaru
 15282 | Lair:4   | Reached skill level 1 in Evocations
 15715 | Lair:5   | Gained mutation: You are somewhat able to resist unholy torments (1 in 2 success). [demonic ancestry]
 15715 | Lair:5   | Reached XP level 14. HP: 105/105 MP: 19/19
 16326 | Lair:5   | Noticed Maud
 16336 | Lair:5   | Killed Maud
 17073 | Lair:6   | Noticed Kirke
 17078 | Lair:6   | Killed Kirke
 17079 | Lair:6   | Received a gift from Okawaru
 17097 | Lair:6   | Found a staircase to the Slime Pits.
 17160 | Lair:6   | Found a glowing golden altar of the Shining One.
 17399 | Lair:6   | Found a staircase to the Swamp.
 17560 | Lair:6   | Found a hole to the Spider Nest.
 17958 | Lair:7   | Found a frozen archway.
 17999 | IceCv    | Entered an ice cave
 18409 | IceCv    | Got a crystal great mace
 18418 | IceCv    | Identified the +4 great mace of Checks and Balances {drain, Int+3} (You found it in an ice cave)
 18568 | Lair:7   | Reached skill level 15 in Maces & Flails
 18807 | Lair:7   | Reached skill level 15 in Armour
 19249 | Lair:8   | Entered Level 8 of the Lair of Beasts
 19664 | Lair:8   | Reached XP level 15. HP: 110/110 MP: 15/20
 19762 | Lair:8   | Found a burning altar of Makhleb.
 19770 | Lair:8   | Received a gift from Okawaru
 19806 | Lair:8   | Received a gift from Okawaru
 19847 | Lair:8   | Found a gateway to Hell.
 19856 | Lair:8   | Got a transparent demon whip
 19864 | Lair:8   | Identified the +2 demon whip of Ruination {pain, rElec rN+} (You found it on level 8 of the Lair of Beasts)
 20799 | D:12     | Bought the +3 pair of gauntlets of War {Slay+5} for 855 gold pieces
 20853 | Orc:1    | Entered Level 1 of the Orcish Mines
 20855 | Orc:1    | Noticed Fannar
 20864 | Orc:1    | Killed Fannar
 21056 | Orc:2    | Entered Level 2 of the Orcish Mines
 21245 | Orc:2    | Found Weloa's General Store.
 21246 | Orc:2    | Found Miosat's Distillery.
 21401 | Orc:2    | Gained mutation: Your mind is acute. (Int +2) [a neqoxec]
 21404 | Orc:2    | Gained mutation: You evolve. [a neqoxec]
 21456 | Orc:2    | Received a gift from Okawaru
 21518 | Orc:2    | Found Cateh's Antique Armour Shoppe.
 21518 | Orc:2    | Found Googishry's Book Emporium.
 21518 | Orc:2    | Found a one-way gate leading to the halls of Pandemonium.
 21520 | Orc:2    | Bought a faintly humming ring mail for 198 gold pieces
 21568 | Orc:2    | Found Dofunur's Jewellery Boutique.
 21666 | Orc:2    | Found a staircase to the Elven Halls.
 21675 | Orc:2    | Bought the ring "Nied" {rPois rC++ SInv} for 730 gold pieces
 21710 | Orc:2    | Identified the +2 ring mail "Ponatheg" {rC- Str+4 Int+6} (You bought it in a shop on level 2 of the Orcish Mines)
 22219 | Lair:5   | Lost mutation: Your mind is acute. (Int +2) [evolution]
 22308 | Spider:1 | Entered Level 1 of the Spider Nest
 22314 | Spider:1 | Was placed under penance by Okawaru
 22409 | Spider:1 | Noticed a deep elf master archer
 22409 | Spider:1 | Noticed a fire giant
 22409 | Spider:1 | Noticed a titan
 22414 | Spider:1 | Slain by a titan

Skill      XL: |  1  2  3  4  5  6  7  8  9 10 11 12 13 14 15 |
---------------+----------------------------------------------+-----
Maces & Flails | 2 3 4 5 6 8 10 11 12 13 15 16 | 16.2
Shields        | 3 4 5 |  5.9
Dodging        | 1 |  1.0
Armour         | 3 4 5 7 9 10 11 13 14 15 16 | 16.1
Invocations    | 7 |  7.7
Fighting       | 5 8 9 |  9.4
Evocations     | 2 3 |  3.0

Action                   |  1- 3 |  4- 6 |  7- 9 | 10-12 | 13-15 || total
-------------------------+-------+-------+-------+-------+-------++-------
Melee: Flail             |   176 |   224 |       |       |       ||   400
       Whip              |       |       |   228 |   205 |       ||   433
       Headbutt          |       |       |    45 |   130 |   242 ||   417
       Great mace        |       |       |       |   444 |  1117 ||  1561
       Quarterstaff      |       |       |       |     6 |       ||     6
       Demon whip        |       |       |       |       |    17 ||    17
Throw: Tomahawk          |       |       |    15 |       |     6 ||    21
       Javelin           |       |       |       |     5 |       ||     5
Invok: Heroism           |       |       |       |     2 |    10 ||    12
       Finesse           |       |       |       |       |     5 ||     5
 Abil: Evoke Blink       |       |       |       |     4 |       ||     4
       Evoke Invisibilit |       |       |       |       |     3 ||     3
Evoke: Wand              |       |       |       |     1 |       ||     1
  Use: Scroll            |     4 |     5 |    12 |     3 |    17 ||    41
       Potion            |       |     1 |     3 |     7 |     7 ||    18
 Stab: Invisible         |       |       |     2 |     1 |     8 ||    11
       Distracted        |       |       |     1 |     5 |     6 ||    12
  Eat: Chunk             |     1 |     5 |     9 |    42 |    58 ||   115
       Pizza             |       |       |       |       |     2 ||     2
Armor: Scale mail        |   126 |   138 |    90 |   381 |    46 ||   781
       Chain mail        |       |       |       |       |   806 ||   806
Dodge: Dodged            |    72 |   154 |    92 |   282 |   649 ||  1249
Block: Shield            |    78 |       |       |       |       ||    78
       Buckler           |    15 |    64 |    51 |    29 |       ||   159
